 Dungeon Crawl Stone Soup version 0.24.0-125-gc4c63601f3 (webtiles) character file.

Game seed: 13820195945428459164, levelgen mode: deterministic

91 Peloso the Shield-Bearer (level 4, -3/40 HPs)
             Began as a Minotaur Fighter on Feb 19, 2020.
             Slain by a killer bee (4 damage)
             ... on level 2 of the Dungeon.
             The game lasted 00:02:19 (1335 turns).

Peloso the Shield-Bearer (Minotaur Fighter)         Turns: 1335, Time: 00:02:20

Health: -3/40      AC:  7    Str: 25    XL:     4   Next: 34%
Magic:  3/3        EV:  8    Int:  5    God:
Gold:   70         SH: 10    Dex: 11    Spells: 3/3 levels left

rFire    . . .     SeeInvis .   a - +0 long sword
rCold    + . .     Gourm    .   c - +0 shield
rNeg     . . .     Faith    .   b - +0 scale mail
rPois    .         Spirit   .   (helmet restricted)
rElec    .         Reflect  .   (no cloak)
rCorr    .         Harm     .   (no gloves)
MR       .....                  (no boots)
Stlth    ..........             o - amulet of the acrobat
HPRegen  0.13/turn              l - ring of protection from cold
MPRegen  0.08/turn              (no ring)

@: mighty, lethally poisoned (-3 -> -5)
A: retaliatory headbutt, horns 2
a: no special abilities


You were on level 2 of the Dungeon.
You were very hungry.

You visited 1 branch of the dungeon, and saw 3 of its levels.

You collected 70 gold pieces.

Inventory:

Hand Weapons
 a - a +0 long sword (weapon)
Armour
 b - a +0 scale mail (worn)
 c - a +0 shield (worn)
Jewellery
 l - a ring of protection from cold (left hand)
 o - an amulet of the acrobat (around neck)
Scrolls
 e - a scroll of enchant armour {unknown}
 g - 2 scrolls of immolation {unknown}
 h - 2 scrolls of teleportation {unknown}
 i - 2 scrolls of identify {unknown}
 j - a scroll of magic mapping {unknown}
 k - a scroll of remove curse {unknown}
 n - a scroll of noise {unknown}
Potions
 m - a potion of brilliance
 p - a potion of heal wounds {unknown}
Comestibles
 f - 3 rations


   Skills:
 + Level 4.1 Fighting
 + Level 3.4 Long Blades
 + Level 4.3 Armour
 + Level 0.8 Dodging
 + Level 4.6 Shields


You had 3 spell levels left.
You didn't know any spells.
Your spell library was empty.

Dungeon Overview and Level Annotations

Branches:
Dungeon (3/15)

Altars:
Qazlal


Innate Abilities, Weirdness & Mutations

You reflexively headbutt those who attack you in melee.
You have a pair of horns on your head.


Message History

The killer bee stings you.
* * * LOW HITPOINT WARNING * * *
The killer bee closely misses you. The killer bee barely misses you.
You riposte.
You miss the killer bee.
The killer bee is severely wounded.
Okay, then.
You feel very mighty all of a sudden.
You feel sick. The killer bee completely misses you. You furiously retaliate!
You headbutt the killer bee!
You kill the killer bee!
You have reached level 4!
You feel agile.
You closely miss the killer bee. You block the killer bee's attack.
The killer bee stings you.
* * * LOW HITPOINT WARNING * * *
The killer bee closely misses you.
You closely miss the killer bee. The killer bee stings you.
* * * LOW HITPOINT WARNING * * *
You block the killer bee's attack. The killer bee stings you.
You die...

####.......#######.......#.###.##
<....####### ##.######..##..#
###### ##..# #..>....## ## #..##
#.#.##### .### ##.## ##.#.# ...#
##..#####..#.# ### ##.##
###.........##.# #..
#..########>..##########.#####..
##............y@................
###(#####....##########...#####..
...(..###.#.## #.### ###
......##....# #.# # ##.........##
#.# # #..)........### #.# #
..............# #.# #
............#.### #.# #
..........#...<.##### #.# ##


You could see a killer bee.

Vanquished Creatures
  A killer bee (D:2)
  An ooze (D:2)
  2 worms (D:2)
  3 dart slugs (D:2)
  2 giant cockroaches
  8 goblins
  3 hobgoblins
  2 kobolds (D:1)
  A quokka (D:2)
  2 bats (D:1)
  2 frilled lizards (D:2)
  8 rats
35 creatures vanquished.

Notes
Turn   | Place    | Note
-------+----------+-------------------------------------------
     0 | D:1      | Peloso the Minotaur Fighter began the quest for the Orb.
     0 | D:1      | Reached XP level 1. HP: 19/19 MP: 0/0
   201 | D:1      | You fall into a shaft and drop 1 floor!
   271 | D:2      | Reached XP level 2. HP: 27/27 MP: 1/1
   416 | D:2      | Found a stormy altar of Qazlal.
   465 | D:2      | Reached XP level 3. HP: 33/33 MP: 2/2
  1321 | D:3      | Noticed a killer bee
  1321 | D:3      | Noticed a killer bee
  1321 | D:3      | Noticed a killer bee
  1321 | D:3      | Noticed a killer bee
  1321 | D:3      | Noticed a killer bee
  1321 | D:3      | Noticed a killer bee
  1333 | D:2      | Killed a killer bee
  1333 | D:2      | Reached XP level 4. HP: 10/40 MP: 3/3
  1335 | D:2      | HP: 1/40 [killer bee (3)]
  1335 | D:2      | Slain by a killer bee

Levels and vault maps discovered:
D:1:      dpeg_arrival_rooms_c, layout_loops_ring
D:2:      layout_rooms, nicolae_qazlal_eye_of_the_storm, mrwooster_statue_mirror
D:3:      layout_rooms, minmay_crystal_room, uniq_robin

Skill      XL: |  1  2  3 |
---------------+----------+-----
Fighting       | 4 |  4.1
Shields        | 4 |  4.6
Armour         | 4 |  4.3
Long Blades    | 3 |  3.4
Dodging        | |  0.8

Action                   |  1- 3 |  4- 6 || total
-------------------------+-------+-------++-------
Melee: Long sword        |    92 |     2 ||    94
       Headbutt          |    11 |       ||    11
  Use: Potion            |     6 |       ||     6
Armor: Scale mail        |    32 |       ||    32
Dodge: Dodged            |    32 |     1 ||    33
Block: Shield            |    53 |     2 ||    55
       Rpst.: Long sword |     5 |       ||     5
